 Dungeon Crawl Stone Soup version 0.27.1-4-g1640c2035a (webtiles) character file.

Game seed: 11408834567729816294

11 Kobyduff the Grave Robber (level 2, -2/19 HPs)
             Began as a Mummy Necromancer on Nov 5, 2021.
             Slain by a kobold (6 damage)
             ... on level 1 of the Dungeon.
             The game lasted 00:03:59 (751 turns).

Kobyduff the Grave Robber (Mummy Necromancer)        Turns: 751, Time: 00:04:00

Health: -2/19      AC:  2    Str: 11    XL:     2   Next: 17%
Magic:  0/5        EV: 12    Int: 14    God:
Gold:   78         SH:  0    Dex: 12    Spells: 4/6 levels left

rFire    x . .     SeeInvis .   c - +0 whip
rCold    + . .     Faith    .   (no shield)
rNeg     + + +     Spirit   .   a - +0 robe
rPois    ∞         Reflect  .   (no helmet)
rElec    .         Harm     .   (no cloak)
rCorr    .         Rampage  .   (no gloves)
Will     .....                  (no boots)
Stlth    ++........             (no amulet)
HPRegen  0.06/turn              (no ring)
MPRegen  0.09/turn              (no ring)

@: no status effects
A: cold resistance 1, negative energy resistance 3, torment resistance 2, heat
vulnerability 1, no potions
a: no special abilities


You were on level 1 of the Dungeon.
You visited 1 branch of the dungeon, and saw 1 of its levels.

You collected 78 gold pieces.

Inventory:

Hand Weapons
 c - a +0 whip (weapon)
Armour
 a - a +0 robe (worn)
 f - a +0 pair of boots
Scrolls
 b - a scroll of enchant armour {unknown}
 d - a scroll of vulnerability {unknown}
 e - a scroll of teleportation {unknown}


   Skills:
 + Level 0.2 Fighting
 + Level 0.1 Maces & Flails
 + Level 1.6 Dodging
 + Level 1.5 Stealth
 + Level 0.2 Unarmed Combat
 + Level 2.8 Spellcasting
 + Level 4.3 Necromancy


You had 4 spell levels left.
You knew the following spells:

 Your Spells              Type           Power      Damage    Failure   Level
a - Pain                  Necr           56%        1d6       3%          1
b - Animate Skeleton      Necr           28%        N/A       3%          1

Your spell library contained the following spells:

 Spells                   Type           Power      Damage    Failure   Level
 Vampiric Draining        Necr           7%         2d7       11%         3
 Animate Dead             Necr           7%         N/A       36%         4
 Agony                    Necr           14%        N/A       71%         5


Dungeon Overview and Level Annotations

Branches:
Dungeon (1/15)

Altars:


Innate Abilities, Weirdness & Mutations

You are immune to poison.
Your flesh is cold resistant. (rC+)
You are immune to negative energy. (rN+++)
You are immune to unholy pain and torment.
You are vulnerable to heat. (rF-)
You do not drink.


Message History

You now have 78 gold pieces (gained 4).
You see here a +0 pair of boots.
You swap places.
You swap places.
You see here a +0 pair of boots.
f - a +0 pair of boots You swap places.
Your kobold skeleton crumbles into dust!
A kobold comes into view. It is wielding a +2 antimagic whip.
Your bat skeleton crumbles into dust!
The helpless kobold fails to defend itself.
You hit the kobold.
The kobold is severely wounded.
The kobold hits you with a +2 antimagic whip.
You feel your power leaking away.
You barely miss the kobold.
The kobold is severely wounded.
The kobold hits you with a +2 antimagic whip.
You feel your power leaking away.
You hit the kobold but do no damage.
The kobold is severely wounded.
The kobold barely misses you.
You barely miss the kobold.
The kobold is severely wounded.
The kobold hits you with a +2 antimagic whip.
* * * LOW HITPOINT WARNING * * *
You feel your power leaking away. The kobold barely misses you.
You can't go up here!
Casting: Animate Skeleton (safe; 3% risk of failure)
Confirm with . or Enter, or press ? or * to list all spells.
You don't have enough magic to cast this spell.
Unknown command.
Casting: Animate Skeleton (safe; 3% risk of failure)
Confirm with . or Enter, or press ? or * to list all spells.
You don't have enough magic to cast this spell.
You closely miss the kobold.
The kobold is severely wounded.
The kobold hits you with a +2 antimagic whip.
You die...

#.#
#.#
#.#
#.#
#.#
#.#
#.#
#.#
#@#
#K#
..#
####


You could see a kobold.

Vanquished Creatures
  3 ball pythons (D:1)
  2 goblins (D:1)
  2 hobgoblins (D:1)
  2 kobolds (D:1)
9 creatures vanquished.

Vanquished Creatures (collateral kills)
  A bat (D:1)
1 creature vanquished.

Grand Total: 10 creatures vanquished

Notes
Turn   | Place    | Note
-------+----------+-------------------------------------------
     0 | D:1      | Kobyduff the Mummy Necromancer began the quest for the Orb.
     0 | D:1      | Reached XP level 1. HP: 13/13 MP: 4/4
   552 | D:1      | Reached XP level 2. HP: 19/19 MP: 5/5
   557 | D:1      | Learned a level 1 spell: Animate Skeleton
   751 | D:1      | Slain by a kobold

Illustrated notes

Levels and vault maps discovered:
D:1:      scummos_arrival_hexagon, layout_basic

Action                   || total
-------------------------++-------
Melee: Unarmed           ||     9
       Whip              ||    16
 Cast: Pain              ||     5
       Animate Skeleton  ||     3
 Stab: Sleeping          ||     1
Armor: Robe              ||     7
Dodge: Dodged            ||    26
